 Dungeon Crawl Stone Soup version 0.21-a0-394-gdc75ea7 (webtiles) character file.

15816 graki42 the Blocker (level 12, 0/73 HPs)
             Began as a Gargoyle Fighter on Oct 18, 2017.
             Was an Elder of the Shining One.
             Slain by an eight-headed hydra (5 damage)
             ... on level 1 of the Lair of Beasts.
             The game lasted 00:21:49 (9041 turns).

graki42 the Blocker (Gargoyle Fighter)              Turns: 9041, Time: 00:21:50

Health: 0/73       AC: 22    Str: 25    XL:     12   Next: 31%
Magic:  17/17      EV: 11    Int:  9    God:    the Shining One [****..]
Gold:   772        SH: 16    Dex:  9    Spells: 11/11 levels left

rFire    . . .     SeeInvis +   s - +3 whip (elec)
rCold    . . .     Gourm    .   c - +1 shield
rNeg     + + +     Faith    .   E - +3 scale mail
rPois    ∞         Spirit   .   m - +0 helmet
rElec    +         Reflect  +   (no cloak)
rCorr    .         Harm     .   O - +0 pair of gloves
MR       .....                  (no boots)
Stlth    ..........             k - +3 amulet of reflection
HPRegen  0.22/turn              I - ring of flight
MPRegen  0.15/turn              z - ring of see invisible

@: glowing
A: negative energy resistance 1, electricity resistance, unbreathing,
petrification resistance, rot immunity, AC +8
a: Divine Shield, Cleansing Flame, Renounce Religion, Evoke Flight


You were on level 1 of the Lair of Beasts.
You worshipped the Shining One.
The Shining One was greatly pleased with you.
You were not hungry.

You visited 3 branches of the dungeon, and saw 11 of its levels.
You also visited: Sewer.

You collected 772 gold pieces.

Inventory:

Hand Weapons
 n - a +0 morningstar
 s - a +3 whip of electrocution (weapon)
Armour
 c - a +1 shield (worn)
 m - a +0 helmet (worn)
 E - a +3 scale mail (worn)
 O - a +0 pair of gloves (worn)
Jewellery
 k - a +3 amulet of reflection (around neck)
 z - a ring of see invisible (right hand)
 I - a ring of flight (left hand)
 J - an uncursed ring of fire
 L - an uncursed ring of stealth
 P - an uncursed ring of stealth
Wands
 i - a wand of lightning (6/15)
 A - a wand of iceblast (5/15)
 C - a wand of confusion (13/48)
 G - a wand of confusion (13/48)
 Q - a wand of acid (6/15)
Scrolls
 a - 3 scrolls of magic mapping
 d - 2 scrolls of immolation
 g - 2 scrolls of amnesia
 l - 5 scrolls of remove curse
 p - 3 scrolls of enchant weapon
 r - 3 scrolls of blinking
 w - 6 scrolls of teleportation
 y - 2 scrolls of enchant armour
 K - 3 scrolls of identify
 M - a scroll of fog
 R - a scroll of recharging
Potions
 e - 3 potions of haste {unknown}
 h - 3 potions of lignification {unknown}
 j - a potion of magic
 o - 11 potions of curing {unknown}
 q - a potion of might
 t - 3 potions of agility
 u - a potion of ambrosia {unknown}
 v - 4 potions of brilliance {unknown}
 x - 3 potions of heal wounds
 D - 2 potions of invisibility {unknown}
 H - 2 potions of flight
Comestibles
 b - 4 royal jellies
 f - 16 bread rations
 B - 10 fruits
 F - 3 meat rations


   Skills:
 + Level 7.8 Fighting
 + Level 11.5 Maces & Flails
 + Level 8.2 Armour
 + Level 3.8 Dodging
 - Level 1.0 Stealth
 + Level 11.5 Shields
 * Level 7.2 Invocations


You had 11 spell levels left.
You didn't know any spells.

Dungeon Overview and Level Annotations

Branches:
Dungeon (9/15)             Temple (1/1) D:5            Lair (1/6) D:9
    Orc: D:9-12

Altars:
Ashenzari
Cheibriados
Dithmenos
Fedhas
Gozag
Hepliaklqana
Kikubaaqudgha
Makhleb
Nemelex Xobeh
Okawaru
Qazlal
Ru
Sif Muna
Trog
Uskayaw
Vehumet
Wu Jian
Xom
Yredelemnul
Zin
The Shining One

Shops:
D:5 :(

Annotations:
D:5 Prince Ribbit


Innate Abilities, Weirdness & Mutations

You are resistant to torment.
Your stone body is resilient. (AC +8)
You are immune to poison.
You resist negative energy. (rN+)
You are resistant to electric shocks. (rElec)
You can survive without breathing.
You are immune to petrification.
You are immune to rotting.


Message History

You whack the eight-headed hydra!
The eight-headed hydra is severely wounded.
You block the porcupine's attack. The eight-headed hydra bites you.
You block the eight-headed hydra's attack.
The eight-headed hydra bites you but does no damage.
The eight-headed hydra bites you!
* * * LOW HITPOINT WARNING * * *
You block the eight-headed hydra's attack.
The eight-headed hydra bites you!
* * * LOW HITPOINT WARNING * * *
The eight-headed hydra bites you.
* * * LOW HITPOINT WARNING * * *
The eight-headed hydra bites you but does no damage.
You hit the eight-headed hydra.
The eight-headed hydra is severely wounded.
You block the porcupine's attack.
You block the eight-headed hydra's attack.
The eight-headed hydra bites you but does no damage.
The eight-headed hydra bites you.
You die...

#......(.#
#........#
##........#
#..........
##........#
#........#
#........#
#........
#@.......
#Dr......
P........
##........
#........
P........
.........
.........


You could see an eight-headed hydra and a porcupine.

Vanquished Creatures
  Gastronok (D:8)
  A hydra (Lair:1)
  2 two-headed ogres
  3 death yaks (D:9)
  Pikel (D:8)
  Joseph (D:8)
  The ghost of Spoonicorn the Chopper, an amateur MiBe of Trog (D:4)
  The ghost of Spoonicorn the Chopper, an amateur MiBe of Trog (D:5)
  A hornet (D:9)
  2 hippogriffs (D:9)
  17 yaks
  2 hungry ghosts
  3 water moccasins (Lair:1)
  A porcupine (Lair:1)
  3 orc warriors
  An ice beast (D:5)
  3 sky beasts
  A black bear (D:6)
  3 eyes of draining (D:9)
  6 ogres
  4 centaurs
  A crocodile (Lair:1)
  2 big kobolds
  A water moccasin zombie (D:9)
  A wyvern zombie (D:9)
  5 bullfrogs
  2 scorpions
  6 killer bees (D:9)
  4 howler monkeys
  5 crimson imps
  2 centaur zombies
  3 bullfrog zombies
  9 orc wizards
  A centaur skeleton (D:9)
  9 hounds
  2 jellies
  A quasit (D:8)
  7 orc priests
  A gnoll shaman (D:7)
  3 bullfrog skeletons
  Jessica (D:3)
  Ijyb (D:5)
  3 iguanas
  10 worker ants
  A hound zombie (D:5)
  A worker ant zombie (D:9)
  5 gnolls
  A river rat (D:5)
  14 adders
  6 shadow imps
  8 oozes
  An adder skeleton (D:4)
  3 worms
  2 dart slugs (D:1)
  4 leopard geckos
  39 orcs
  10 bats
  9 giant cockroaches
  10 goblins
  7 hobgoblins
  14 jackals
  23 kobolds
  4 quokkas
  9 frilled lizards
  A jackal skeleton (D:7)
  2 leopard gecko skeletons
  A leopard gecko zombie (D:5)
  A quokka zombie (D:9)
  15 rats
329 creatures vanquished.

Vanquished Creatures (others)
  A two-headed ogre (D:8)
  A slave (D:8)
  An orc priest (D:8)
  An orc wizard (D:8)
  An orc (D:8)
  A kobold (Sewer)
6 creatures vanquished.

Grand Total: 335 creatures vanquished

Notes
Turn   | Place    | Note
-------+----------+-------------------------------------------
     0 | D:1      | graki42 the Gargoyle Fighter began the quest for the Orb.
     0 | D:1      | Reached XP level 1. HP: 14/14 MP: 1/1
   172 | D:1      | Reached XP level 2. HP: 18/19 MP: 2/2
   382 | D:1      | Reached XP level 3. HP: 23/23 MP: 3/3
  1069 | D:1      | Reached XP level 4. HP: 16/29 MP: 4/4
  1540 | D:2      | Reached XP level 5. HP: 32/33 MP: 5/5
  1692 | D:2      | Found a shattered altar of Ashenzari.
  2175 | D:3      | Noticed Jessica
  2202 | D:3      | Killed Jessica
  2389 | D:3      | Reached skill level 5 in Shields
  2450 | D:3      | Reached XP level 6. HP: 34/38 MP: 6/6
  2898 | D:4      | Noticed Spoonicorn's ghost (amateur MiBe)
  2909 | D:4      | Killed Spoonicorn's ghost
  2909 | D:4      | Reached skill level 1 in Dodging
  2909 | D:4      | Reached skill level 1 in Stealth
  2909 | D:4      | Reached XP level 7. HP: 37/43 MP: 7/7
  2924 | D:4      | Reached skill level 5 in Maces & Flails
  3634 | D:5      | Entered Level 5 of the Dungeon
  3712 | D:5      | Found Medyesu's Book Emporium.
  3735 | D:5      | Reached XP level 8. HP: 39/48 MP: 8/8
  3815 | D:5      | Noticed Spoonicorn's ghost (amateur MiBe)
  3834 | D:5      | Killed Spoonicorn's ghost
  3834 | D:5      | Reached skill level 5 in Armour
  3904 | D:5      | Found a glowing drain.
  3919 | Sewer    | Entered a sewer
  4306 | D:5      | Found a staircase to the Ecumenical Temple.
  4315 | Temple   | Entered the Ecumenical Temple
  4381 | Temple   | Became a worshipper of the Shining One
  4455 | D:5      | Noticed Ijyb
  4473 | D:5      | Killed Ijyb
  4553 | D:5      | Noticed Prince Ribbit
  4892 | D:5      | Reached XP level 9. HP: 53/53 MP: 9/9
  5097 | D:5      | Found Cahutiawk's Weapon Emporium.
  5161 | D:6      | Reached * piety under the Shining One
  5175 | D:6      | Reached skill level 5 in Fighting
  6273 | D:7      | Reached skill level 1 in Invocations
  6691 | D:8      | Noticed Gastronok
  6714 | D:8      | Killed Gastronok
  6714 | D:8      | Reached XP level 10. HP: 50/60 MP: 10/12
  6734 | D:8      | Reached ** piety under the Shining One
  7047 | D:8      | Noticed a two-headed ogre
  7060 | D:8      | Noticed Pikel
  7077 | D:8      | Killed Pikel
  7077 | D:8      | Reached skill level 10 in Maces & Flails
  7077 | D:8      | Reached skill level 10 in Shields
  7088 | D:8      | Killed a two-headed ogre
  7088 | D:8      | Reached XP level 11. HP: 48/66 MP: 14/14
  7147 | D:8      | Noticed Joseph
  7156 | D:8      | Killed Joseph
  7270 | D:8      | Noticed a two-headed ogre
  7279 | D:8      | Killed a two-headed ogre
  7279 | D:8      | Reached skill level 5 in Invocations
  7472 | D:9      | Noticed a death yak
  7473 | D:9      | Noticed a death yak
  7492 | D:9      | Noticed a death yak
  7501 | D:9      | Killed a death yak
  7516 | D:9      | Killed a death yak
  7527 | D:9      | Killed a death yak
  7649 | D:9      | Found a staircase to the Lair.
  7781 | D:9      | Found an iron altar of Okawaru.
  7816 | D:9      | Reached *** piety under the Shining One
  7949 | D:9      | Noticed a two-headed ogre
  7959 | D:9      | Killed a two-headed ogre
  7979 | D:9      | Found a radiant altar of Vehumet.
  7981 | D:9      | Found an ornate altar of the Wu Jian Council.
  7983 | D:9      | Found a burning altar of Makhleb.
  8016 | D:9      | Found a blossoming altar of Fedhas.
  8254 | D:9      | Reached XP level 12. HP: 72/72 MP: 16/16
  8866 | Lair:1   | Entered Level 1 of the Lair of Beasts
  8894 | Lair:1   | Noticed a seven-headed hydra
  8903 | Lair:1   | Killed a seven-headed hydra
  8930 | Lair:1   | Reached **** piety under the Shining One
  9032 | Lair:1   | Noticed an eight-headed hydra
  9041 | Lair:1   | Slain by an eight-headed hydra

Vault maps used:
D:1:      dpeg_cavernosity
D:2:      nicolae_ashenzari_panopticon
D:3:      minmay_wonky_spiral, uniq_jessica
D:5:      minmay_temple_entry_purple_smoke, portal_sewer_entry_e, first_bread,
          serial_shops, kennysheep_little_box, kennysheep_mini, uniq_ijyb,
          uniq_prince_ribbit1
D:7:      grunt_ogre_cave
D:8:      uniq_pikel, uniq_gastronok, uniq_joseph
D:9:      minmay_imperfect_grid, okawaru_altar_gauntlet_db,
          nicolae_overflow_crystal_walls, grunt_temple_overflow_open,
          dpeg_lair_monsters
Temple:   kb_temple_of_zot
Sewer:    kennysheep_pipe_town

Skill      XL: |  1  2  3  4  5  6  7  8  9 10 11 12 |
---------------+-------------------------------------+-----
Shields        | 4 5 6 8 9 10 11 | 11.5
Maces & Flails | 3 4 5 7 9 10 11 | 11.5
Armour         | 4 5 6 7 8 |  8.2
Fighting       | 4 6 7 |  7.8
Dodging        | 1 2 3 |  3.8
Stealth        | 1 |  1.0
Invocations    | 3 4 6 7 |  7.2

Action                   |  1- 3 |  4- 6 |  7- 9 | 10-12 || total
-------------------------+-------+-------+-------+-------++-------
Melee: Flail             |   188 |    16 |       |       ||   204
       Morningstar       |       |    50 |       |       ||    50
       Whip              |       |   154 |   448 |   486 ||  1088
Invok: Divine Shield     |       |       |       |     1 ||     1
  Use: Potion            |       |     1 |       |       ||     1
       Scroll            |       |       |    14 |     2 ||    16
  Eat: Chunk             |     1 |     6 |    12 |    10 ||    29
Armor: Scale mail        |   108 |    33 |    17 |    83 ||   241
       Chain mail        |       |    58 |   117 |       ||   175
Dodge: Dodged            |    76 |    48 |    49 |    60 ||   233
Block: Shield            |   141 |   163 |   229 |   226 ||   759
       Reflection        |     3 |     3 |     8 |    14 ||    28

Table legend:
 A = Spawn XP
 B = Non-spawn XP
 C = Spawn XP percentage of total XP
 D = Spawn monster count
 E = Non-spawn monster count
 F = Spawn count percentage of total count
 G = Total turns spent on level
                    A         B        C        D         E        F      G
               +---------+---------+-------+---------+---------+-------+---------
         Total |       0 |   22595 |   0.0 |       0 |     331 |   0.0 |  9041
               +---------+---------+-------+---------+---------+-------+---------
           D:1 |       0 |      71 |   0.0 |       0 |      36 |   0.0 |  1090
           D:2 |       0 |     125 |   0.0 |       0 |      29 |   0.0 |   970
           D:3 |       0 |     174 |   0.0 |       0 |      27 |   0.0 |   704
           D:4 |       0 |     736 |   0.0 |       0 |      15 |   0.0 |   913
           D:5 |       0 |    1428 |   0.0 |       0 |      42 |   0.0 |  1100
           D:6 |       0 |    1080 |   0.0 |       0 |      27 |   0.0 |   762
           D:7 |       0 |     794 |   0.0 |       0 |      22 |   0.0 |   768
           D:8 |       0 |    6644 |   0.0 |       0 |      26 |   0.0 |   736
           D:9 |       0 |    9007 |   0.0 |       0 |      73 |   0.0 |  1439
        Lair:1 |       0 |    2362 |   0.0 |       0 |      10 |   0.0 |   175
         Sewer |       0 |     174 |   0.0 |       0 |      24 |   0.0 |   272
               +---------+---------+-------+---------+---------+-------+---------
